 Dungeon Crawl Stone Soup version 0.19.5 (webtiles) character file.

179 miragecloak the Changer (level 5, -2/33 HPs)
             Began as an Octopode Transmuter on May 17, 2017.
             Was an Initiate of Ashenzari.
             Slain by a gnoll
             ... wielding a +0 club
              (6 damage)
             ... on level 4 of the Dungeon.
             The game lasted 00:03:34 (2400 turns).

miragecloak the Changer (Octopode Transmuter)       Turns: 2400, Time: 00:03:34

Health: -2/33      AC:  2    Str:  9    XL:     5   Next: 59%
Magic:  16/17      EV: 20    Int: 15    God:    Ashenzari [......]
Gold:   167        SH:  0    Dex: 19    Spells: 2 memorised, 4 levels left

rFire  . . .     SeeInvis .       - Unarmed
rCold  . . .     Gourm    .     (shield currently unavailable)
rNeg   . . .     Faith    .     (helmet currently unavailable)
rPois  x         Spirit   .     (no amulet)
rElec  .         Reflect  .     m - ring of magical power
rCorr  .         Harm     .     (no ring)
MR     .....                    (no ring)
Stlth  ++........               (no ring)
                                (no ring)
                                (no ring)
                                (no ring)
                                (no ring)

@: spider-form (expiring)
A: almost no armour, stealthy swim, (amphibious), 8 rings, (constrict 8),
(camouflage 0), (gelatinous body 0)
a: End Transformation, Curse Item, Renounce Religion


You were on level 4 of the Dungeon.
You worshipped Ashenzari.
Ashenzari was noncommittal.
You were hungry.
You were a venomous arachnid creature.
You visited 1 branch of the dungeon, and saw 4 of its levels.

You collected 167 gold pieces.

Inventory:

Missiles
 a - 44 arrows
Jewellery
 e - an uncursed ring of fire
 m - a ring of magical power (left front leg)
 n - an uncursed ring of ice
Scrolls
 f - 3 scrolls of identify {unknown}
 j - a scroll of immolation {unknown}
 o - a scroll of remove curse
Potions
 i - 2 potions of curing {unknown}
 k - 2 potions of resistance {unknown}
Books
 b - a book of Changes

   Spells                             Type                      Level
   a - Beastly Appendage              Transmutation                1
   b - Sticks to Snakes               Transmutation                2
   c - Spider Form                    Transmutation/Poison         3
   d - Ice Form                       Ice/Transmutation            4
   e - Blade Hands                    Transmutation                5
Comestibles
 c - 2 bread rations
 d - a meat ration
 g - a beef jerky
 h - 5 fruits
 l - 4 chunks of flesh


   Skills:
 - Level 1.0 Fighting
 - Level 2.0 Dodging
 + Level 3.9 Unarmed Combat
 - Level 2.0 Spellcasting
 - Level 4.0 Transmutations
 - Level 3.1 Poison Magic


You had 4 spell levels left.
You knew the following spells:

 Your Spells              Type           Power        Failure   Level  Hunger
a - Beastly Appendage     Tmut           ##....       14%         1    #......
b - Spider Form           Tmut/Pois      ##........   36%         3    ###....


Dungeon Overview and Level Annotations

Branches:
Dungeon (4/15)
 Temple: D:4-7

Altars:
Ashenzari

Annotations:
D:3 Artagas's ghost, amateur GrEE
D:4 Grinder


Innate Abilities, Weirdness & Mutations

You cannot wear most types of armour.
You are very stealthy in the water. (Stealth+)
((You are amphibious.))
You can wear up to eight rings at the same time.
((You can use your tentacles to constrict eight enemies at once.))
((Your skin changes colour to match your surroundings (Stealth+).))
((Your rubbery body absorbs attacks. (AC +1, EV +1)))


Message History

You kill the gnoll!
Found a cursed scale mail.
Casting: Spider Form
Confirm with . or Enter, or press ? or * to list all spells.
You turn into a venomous arachnid creature.
The orc hits you but does no damage.
A gnoll opens the door.
Your transformation is almost over.
The orc misses you.
You hit the orc but do no damage.
The orc is poisoned.
You hit the orc.
The orc looks even sicker.
The orc is lightly wounded.
The orc completely misses you.
You bite the orc!
You kill the orc!
The gnoll misses you.
You hit the gnoll.
The gnoll is poisoned.
The gnoll is moderately wounded.
The gnoll hits you with a club.
You die...

#...#
#...#
#...'
#...#
#...#
#...#
#...##
#..)g#
#..s.#
#....#
#....#
######


You could see a gnoll.

Vanquished Creatures
  A bullfrog (D:4)
  4 adders
  A gnoll (D:4)
  An ooze (D:1)
  A worm (D:2)
  A dart slug (D:1)
  2 leopard geckos
  An orc (D:4)
  2 ball pythons (D:1)
  2 giant cockroaches (D:1)
  9 goblins
  5 hobgoblins
  3 jackals (D:1)
  8 kobolds
  5 bats
  7 frilled lizards
  4 rats
57 creatures vanquished.

Notes
Turn   | Place    | Note
-------+----------+-------------------------------------------
     0 | D:1      | miragecloak the Octopode Transmuter began the quest for the Orb.
     0 | D:1      | Reached XP level 1. HP: 13/13 MP: 3/3
   119 | D:1      | Reached XP level 2. HP: 17/18 MP: 3/5
   176 | D:1      | Found a shattered altar of Ashenzari.
   217 | D:1      | Reached skill level 3 in Transmutations
   331 | D:1      | Became a worshipper of Ashenzari the Shackled
   390 | D:1      | Reached XP level 3. HP: 21/23 MP: 4/6
   401 | D:1      | Learned a level 3 spell: Spider Form
  1085 | D:2      | Reached skill level 1 in Poison Magic
  1249 | D:2      | Reached XP level 4. HP: 19/28 MP: 5/7
  1429 | D:2      | Reached skill level 4 in Transmutations
  1682 | D:2      | You fall through a shaft!
  2175 | D:4      | Noticed a bullfrog
  2186 | D:4      | Killed a bullfrog
  2186 | D:4      | Reached XP level 5. HP: 28/33 MP: 8/8
  2237 | D:4      | Noticed Grinder
  2237 | D:4      | Paralysed by Grinder for 5 turns
  2280 | D:3      | Noticed Artagas's ghost (amateur GrEE)
  2372 | D:4      | HP: 1/33 [orc/trident (7)]
  2400 | D:4      | Slain by a gnoll

Skill      XL: |  1  2  3  4 |
---------------+-------------+-----
Transmutations | 3 4 |  4.0
Poison Magic   | 1 3 |  3.1
Fighting       | |  1.0
Dodging        | |  2.0
Unarmed Combat | |  3.9
Spellcasting   | |  2.0

Action                   |  1- 3 |  4- 6 || total
-------------------------+-------+-------++-------
Melee: Unarmed           |    85 |    54 ||   139
       Kick              |    12 |       ||    12
       Constrict         |    11 |     1 ||    12
       Punch             |     1 |       ||     1
       Tentacles         |     7 |       ||     7
 Cast: Beastly Appendage |    12 |       ||    12
       Spider Form       |     8 |    17 ||    25
 Stab: Sleeping          |     4 |     3 ||     7
       Distracted        |     1 |       ||     1
  Eat: Chunk             |     2 |     6 ||     8
Armor: Skin              |     7 |     5 ||    12
Dodge: Dodged            |    72 |    45 ||   117
